 Dungeon Crawl Stone Soup version 0.31-a0-40-g1d5085d191 (webtiles) character file.

Game seed: 2895309579108845399

5810 pk666 the Thaumaturge (level 10, -8/50 HPs)
             Began as a Deep Elf Fire Elementalist on May 18, 2023.
             Was a Follower of Vehumet.
             Mangled by a shadow (20 damage)
             ... on level 9 of the Dungeon.
             The game lasted 00:18:48 (9359 turns).

pk666 the Thaumaturge (Deep Elf Fire Elementalist)  Turns: 9359, Time: 00:18:54

Health: -8/50      AC:  2    Str:  5    XL:     10   Next: 50%
Magic:  0/34       EV: 16    Int: 25    God:    Vehumet [*.....]
Gold:   496        SH:  0    Dex: 15    Spells: 18/28 levels left

rFire   + . .        y - +3 dagger
rCold   . . .        (no shield)
rNeg    . . .        a - +0 robe
rPois   .            (no helmet)
rElec   .            (no cloak)
rCorr   .            (no gloves)
SInv    .            (no boots)
Will    +....        c - amulet of guardian spirit
Stlth   ++           H - ring of magical power
HPRegen 0.28/turn    x - ring of protection from fire
MPRegen 0.24/turn

%: guardian spirit
@: slowed, very slow
A: no striking features
a: Renounce Religion


You were on level 9 of the Dungeon.
You worshipped Vehumet.
Vehumet was aware of your devotion.
You visited 2 branches of the dungeon, and saw 10 of its levels.

You collected 496 gold pieces.

Inventory:

Hand Weapons
 t - a +0 dagger
 y - a +3 dagger (weapon)
Missiles
 v - 4 throwing nets
Armour
 a - a +0 robe (worn)
 h - an orb of energy
Jewellery
 c - an amulet of guardian spirit (around neck)
 j - a +6 ring of strength
 x - a ring of protection from fire (right hand)
 z - a ring of positive energy
 F - a +4 ring of slaying
 H - a ring of magical power (left hand)
 J - a ring of flight
Wands
 b - a wand of paralysis (3)
 D - a wand of digging (3)
Scrolls
 d - 6 scrolls of teleportation {unknown}
 e - 2 scrolls of noise {unknown}
 f - 2 scrolls of amnesia {unknown}
 i - 3 scrolls of immolation
 k - 2 scrolls of fear {unknown}
 m - a scroll of acquirement {unknown}
 o - 8 scrolls of identify {unknown}
 p - 2 scrolls of magic mapping {unknown}
 A - a scroll of blinking {unknown}
 C - 2 scrolls of poison {unknown}
 G - a scroll of silence {unknown}
 I - a scroll of vulnerability {unknown}
Potions
 g - 3 potions of mutation {unknown}
 l - a potion of invisibility {unknown}
 n - a potion of heal wounds {unknown}
 q - 2 potions of degeneration {unknown}
 r - a potion of flight {unknown}
 s - a potion of attraction {unknown}
 u - 5 potions of curing
 w - 3 potions of resistance {unknown}
 B - 3 potions of lignification {unknown}
 E - a potion of brilliance {unknown}


   Skills:
 + Level 9.0 Dodging
 - Level 2.4 Stealth
 + Level 9.9 Spellcasting
 * Level 9.4 Conjurations
 + Level 8.6 Fire Magic
 * Level 4.4 Earth Magic
 - Level 2.0 Poison Magic


You had 18 spell levels left.
You knew the following spells:

 Your Spells              Type           Power      Damage    Failure   Level
a - Foxfire               Conj/Fire      100%       2x1d9     1%          1
b - Scorch                Fire           100%       2d9       1%          2
c - Flame Wave            Conj/Fire      55%        2d13      1%          4
d - Mephitic Cloud        Conj/Pois/Air  31%        N/A       3%          3

Your spell library contained the following spells:

 Spells                   Type           Power      Damage    Failure   Level
 Freeze                   Ice            48%        1d6       4%          1
 Magic Dart               Conj           100%       1d8       1%          1
 Stone Arrow              Conj/Erth      94%        3d12      1%          3
 Inner Flame              Hex/Fire       33%        N/A       2%          3
 Volatile Blastmotes      Fire/Tloc      66%        2d15      2%          3
 Call Imp                 Summ           24%        N/A       8%          2
 Animate Armour           Summ/Erth      46%        N/A       21%         4
 Leda's Liquefaction      Hex/Erth       11%        N/A       21%         4
 Lee's Rapid Deconstruct  Erth           17%        3d10*     22%         5
 Statue Form              Tmut/Erth      15%        N/A       97%         6
 Lehudib's Crystal Spear  Conj/Erth      23%        10d7      100%        8


Dungeon Overview and Level Annotations

Branches:
Dungeon (9/15)             Temple (1/1) D:5
   Lair: D:8-11         Orc: D:9-12

Altars:
Ashenzari
Cheibriados
Dithmenos
Elyvilon
Gozag
Kikubaaqudgha
Makhleb
Nemelex Xobeh
Okawaru
Qazlal
Ru
Sif Muna
Trog
Uskayaw
Vehumet
Wu Jian
Xom
Yredelemnul
Zin
The Shining One

Shops:
D:5 :


Message History

The hornet barely misses you.
The howler monkey hoots and howls with incredible vigour!
You hear a shout! x2; You hear two shouts!
You are too injured to fight recklessly!
Casting: Flame Wave (dangerous; 1% risk of failure)
Confirm with . or Enter, or press ? or * to list all spells.
Flames lash the hornet.
You kill the hornet!
Vehumet accepts your kill.
* * * LOW HITPOINT WARNING * * *
You feel very sick.
The shadow slips into darkness.
The shadow flickers and vanishes!
Deactivating autopickup; reactivate with Ctrl-A.
A howler monkey comes into view.
It was a potion of curing.
You feel better.
The howler monkey hoots and howls with incredible vigour!
The howler monkey hits you.
* * * LOW HITPOINT WARNING * * *
Casting: Scorch (safe; 1% risk of failure)
Confirm with . or Enter, or press ? or * to list all spells.
Casting: Flame Wave (dangerous; 1% risk of failure)
Press: ? - help, Dir - look around, f - activate A wave of flame ripples out!
The flame wave engulfs the howler monkey!
The howler monkey is almost dead. (Press . to intensify the flame waves.)
A howler monkey comes into view.
The howler monkey closely misses you.
The howler monkey hoots and howls with incredible vigour!
The howler monkey misses you.
You hear a bellow!
A wave of flame ripples out!
The flame wave engulfs the howler monkey!
You kill the howler monkey!
Vehumet accepts your kill.
The flame wave engulfs something.
The howler monkey hoots and howls with incredible vigour!
The shadow strikes at you from the darkness!
You die...

.... ... #### #..
..# #.. #..# #..
#..# #.. #..# .
#.. #..####..
#####.?####.......
......{@..........
...h.........####
####.........#
#..[......#
#.........#
##h........#####
.................
.......<.........
###.......>...###


You could see 2 howler monkeys.

Vanquished Creatures
  A two-headed ogre (D:7)
  Joseph (D:7)
  A hornet (D:9)
  A steam dragon (D:8)
  4 yaks (D:8)
  Menkaure (D:7)
  3 water moccasins
  Duvessa (D:6)
  An ice beast (D:7)
  4 sky beasts
  2 black bears
  2 ogres
  2 orc warriors
  2 centaurs (D:6)
  2 kobold brigands (D:5)
  A gnoll sergeant (D:8)
  4 scorpions
  17 wights
  Dowan (D:6)
  A howler monkey (D:9)
  4 jellies
  3 hounds
  3 orc priests
  Jessica (D:3)
  5 iguanas
  4 orc wizards
  A hound zombie (D:4)
  12 gnolls
  7 adders
  5 shadow imps
  A white imp (D:6)
  An ufetubus (D:5)
  2 adder zombies (D:4)
  2 worms
  2 dart slugs
  29 orcs
  7 bats
  8 endoplasms
  2 giant cockroaches (D:1)
  10 hobgoblins
  5 jackals
  3 quokkas
  7 ball pythons
  4 frilled lizards
  3 goblins
  12 kobolds
  A quokka zombie (D:4)
  3 rats
199 creatures vanquished.

Vanquished Creatures (others)
  A sky beast (D:8)
  422 foxfires
423 creatures vanquished.

Grand Total: 622 creatures vanquished

Notes
Turn   | Place    | Note
-------+----------+-------------------------------------------
     0 | D:1      | pk666 the Deep Elf Fire Elementalist began the quest for
                  | the Orb.
     0 | D:1      | Reached XP level 1. HP: 10/10 MP: 6/6
   306 | D:1      | Reached XP level 2. HP: 12/15 MP: 1/8
  1022 | D:1      | Learned a level 2 spell: Scorch
  1091 | D:2      | Reached XP level 3. HP: 19/19 MP: 2/10
  1740 | D:2      | Found a faded altar of an unknown god.
  2095 | D:3      | Noticed Jessica
  2102 | D:3      | Killed Jessica
  2103 | D:3      | Reached XP level 4. HP: 24/24 MP: 7/12
  2195 | D:3      | You fall into a shaft and drop 1 floor!
  2385 | D:3      | Learned a level 4 spell: Flame Wave
  2454 | D:3      | Found a hide-covered altar of Uskayaw.
  2478 | D:3      | Found an ancient bone altar of Kikubaaqudgha.
  2479 | D:3      | Found a shimmering altar of Xom.
  2480 | D:3      | Found a sparkling altar of Nemelex Xobeh.
  2482 | D:3      | Found an iron altar of Okawaru.
  2484 | D:3      | Found a snail-covered altar of Cheibriados.
  2821 | D:3      | Reached XP level 5. HP: 28/28 MP: 11/13
  3022 | D:4      | Found a basalt altar of Yredelemnul.
  3180 | D:4      | Found a sacrificial altar of Ru.
  3624 | D:4      | Reached skill level 5 in Spellcasting
  3624 | D:4      | Reached XP level 6. HP: 30/32 MP: 9/15
  4069 | D:5      | Entered Level 5 of the Dungeon
  4208 | D:5      | Reached skill level 5 in Fire Magic
  4253 | D:5      | Learned a level 3 spell: Mephitic Cloud
  4287 | D:5      | Reached skill level 5 in Dodging
  4287 | D:5      | Reached XP level 7. HP: 36/36 MP: 12/17
  4312 | D:5      | Reached skill level 1 in Poison Magic
  4441 | D:5      | Found a staircase to the Ecumenical Temple.
  4892 | D:5      | Found Ahotej's Vocational Training.
  5443 | D:6      | Reached XP level 8. HP: 35/41 MP: 10/20
  5492 | D:6      | Reached skill level 5 in Conjurations
  6360 | D:6      | Noticed Dowan
  6362 | D:6      | Killed Dowan
  6362 | D:6      | Noticed Duvessa
  6366 | D:6      | Killed Duvessa
  6678 | Temple   | Entered the Ecumenical Temple
  6683 | Temple   | Became a worshipper of Vehumet
  6720 | D:7      | Found a burning altar of Makhleb.
  6757 | D:7      | Noticed Joseph
  6772 | D:7      | Killed Joseph
  6773 | D:7      | Reached skill level 1 in Earth Magic
  6773 | D:7      | Reached XP level 9. HP: 40/45 MP: 5/23
  7056 | D:7      | Noticed Menkaure
  7184 | D:7      | Killed Menkaure
  7406 | D:7      | Noticed a two-headed ogre
  7421 | D:7      | Killed a two-headed ogre
  7955 | D:8      | Reached XP level 10. HP: 50/50 MP: 22/25
  8129 | D:8      | Reached * piety under Vehumet
  8129 | D:8      | Offered knowledge of Freeze by Vehumet.
  9233 | D:9      | Noticed a two-headed ogre
  9350 | D:9      | Paralysed by a hornet for 3 turns
  9359 | D:9      | Mangled by a shadow

Illustrated notes

Levels and vault maps discovered:
D:1:      dpeg_arrival_orchard, layout_rooms, minmay_pentomino_s2
D:2:      layout_loops_ring, hellmonk_ecumenical_altar_blasted
D:3:      layout_basic, nicolae_uskayaw_murder_on_the_dancefloor,
          grunt_temple_overflow_open, uniq_jessica
D:4:      layout_loops_ring, nicolae_yredelemnul_corpse_copse,
          lemuel_doored_altar
D:5:      cheibrodos_thug_alley, layout_basic, minmay_temple_entry_from_below_a,
          nicolae_shop_vocational
D:6:      layout_basic, uniq_duvessa
D:7:      layout_basic, nicolae_overflow_crystal_walls, uniq_joseph,
          uniq_menkaure
D:8:      layout_basic
D:9:      layout_small_grid, mainiacjoe_overflow_catwalk,
          nicolae_hepliaklqana_hazy_memory, enter_bailey_4, billiards_dpeg
Temple:   minmay_freezing_vapour_temple

Skill      XL: |  1  2  3  4  5  6  7  8  9 10 |
---------------+-------------------------------+-----
Dodging        | 3 4 5 6 7 8 9 |  9.0
Conjurations   | 2 3 4 6 8 9 |  9.4
Spellcasting   | 4 5 6 8 9 |  9.9
Fire Magic     | 4 5 6 7 8 |  8.6
Poison Magic   | 2 |  2.0
Earth Magic    | 1 4 |  4.4
Stealth        | |  2.4

Action                     |  1- 3 |  4- 6 |  7- 9 | 10-12 || total
---------------------------+-------+-------+-------+-------++-------
  Melee: Unarmed           |     1 |       |       |       ||     1
         Dagger            |       |       |    11 |       ||    11
   Cast: Foxfire           |    81 |    58 |    84 |    27 ||   250
         Scorch            |     7 |    31 |    80 |    36 ||   154
         Flame Wave        |       |       |     9 |     8 ||    17
         Mephitic Cloud    |       |       |     6 |     2 ||     8
    Use: Potion            |       |       |     1 |     1 ||     2
 Armour: Robe              |    13 |     2 |     2 |     1 ||    18
  Dodge: Dodged            |    58 |     5 |    41 |    22 ||   126

Table legend: (Time is in decaauts)
 A = Elapsed time spent in this place.
 B = Non-inter-level travel time spent in this place.
 C = Inter-level travel time spent in this place.
 D = Time resting spent in this place.
 E = Time spent auto-exploring this place.
 F = Levels seen in this place.
 G = Mean time per level.
                   A        B        C        D        E       F      G
               +--------+--------+--------+--------+--------+-----+--------+
         Total |   9364 |   8918 |    446 |   1663 |   5967 |  10 |  936.4 |
       Dungeon |   9353 |   8911 |    442 |   1663 |   5967 |   9 | 1039.2 |
        Temple |     10 |      6 |      4 |      0 |      0 |   1 |   10.0 |
               +--------+--------+--------+--------+--------+-----+--------+

Top non-repeatable levels by time:
     D:5: 1383 daAuts
     D:6: 1333 daAuts
     D:8: 1270 daAuts
     D:4: 1254 daAuts
     D:7: 1245 daAuts
     D:1: 1184 daAuts
     D:2: 871 daAuts
     D:3: 757 daAuts
     D:9: 52 daAuts
  Temple: 10 daAuts
